 Dungeon Crawl Stone Soup version 0.27-a0-1612-gde56a17b89 (webtiles) character file.

Game seed: 12953841967438477072

7 Anon1729 the Ducker (level 2, -1/24 HPs)
             Began as a Merfolk Monk on July 21, 2021.
             Slain by a jackal (2 damage)
             ... on level 1 of the Dungeon.
             The game lasted 00:00:49 (164 turns).

Anon1729 the Ducker (Merfolk Monk)                   Turns: 164, Time: 00:00:50

Health: -1/24      AC:  2    Str: 11    XL:     2   Next: 4%
Magic:  2/2        EV: 14    Int:  9    God:
Gold:   12         SH:  0    Dex: 16    Spells: 1/1 levels left

rFire    . . .     SeeInvis .     - Unarmed
rCold    . . .     Faith    .   (no shield)
rNeg     . . .     Spirit   .   a - +0 robe
rPois    .         Reflect  .   (no helmet)
rElec    .         Harm     .   (no cloak)
rCorr    .         Rampage  .   (no gloves)
Will     .....                  (no boots)
Stlth    ++........             (no amulet)
HPRegen  0.08/turn              (no ring)
MPRegen  0.08/turn              (no ring)

@: no status effects
A: (nimble swimmer 2), mertail
a: no special abilities


You were on level 1 of the Dungeon.
You visited 1 branch of the dungeon, and saw 2 of its levels.

You collected 12 gold pieces.

Inventory:

Armour
 a - a +0 robe (worn)


   Skills:
 + Level 3.4 Fighting
 + Level 4.2 Dodging
 + Level 2.4 Stealth
 + Level 3.4 Unarmed Combat


You had one spell level left.
You didn't know any spells.
Your spell library was empty.

Dungeon Overview and Level Annotations

Branches:
Dungeon (2/15)

Altars:


Innate Abilities, Weirdness & Mutations

((You are quick and stealthy near water. (Stealth+, EV+, Speed+++)))
Your lower body shifts to a powerful aquatic tail in water.


Message History

There is an escape hatch in the floor here.
The jackal bites you.
* * * LOW HITPOINT WARNING * * *
The jackal closely misses you.
You slide downwards.
The hatch slams shut behind you.
The goblin shouts!
As you read the scroll labelled TUFYSME ZIPOMI, it crumbles to dust.
It is a scroll of identify.
You don't have any unidentified items.
The jackal closely misses you.
The frilled lizard hisses angrily.
The adder hisses angrily.
The jackal misses you. The jackal barely misses you.
The adder barely misses you. The jackal closely misses you.
The adder barely misses you. The adder misses you.
The giant cockroach barely misses you. The jackal misses you.
The giant cockroach bites you but does no damage.
The jackal closely misses you.
Found a sapphire potion.
Found a stone staircase leading up.
A frilled lizard comes into view.
Found a stone staircase leading down.
The giant cockroach barely misses you.
Found a book of Necromancy.
The giant cockroach bites you but does no damage.
There is a stone staircase leading up here.
The giant cockroach barely misses you.
You climb upwards.
The ball python hisses angrily.
The jackal barks! x3; You hear a bark!
A jackal comes into view.
A rat comes into view.
The jackal bites you.
* * * LOW HITPOINT WARNING * * *
Found 27 arrows and 7 gold pieces.
There is a stone staircase leading down here.
The jackal barely misses you. The giant cockroach closely misses you.
The bat hits you.
* * * LOW HITPOINT WARNING * * *
The giant cockroach closely misses you. The bat hits you.
* * * LOW HITPOINT WARNING * * *
The jackal bites you.
You die...

#..........
#.(r.......
#..........
#...h......
#####..........
#......>...(...
#.....h.h.#####
#.....ShB.# ..?.
#.......@.# ....
######....b.....
... #.......... #..
#.......... #..
#.......... #..
##...........# #(†
####........#####..
#..........##...
#........#......


You could see 4 jackals, a giant cockroach, a bat, a ball python and a rat.

Vanquished Creatures
  A goblin (D:1)
  A hobgoblin (D:1)
  2 jackals (D:1)
  A quokka (D:1)
  A frilled lizard (D:1)
6 creatures vanquished.

Notes
Turn   | Place    | Note
-------+----------+-------------------------------------------
     0 | D:1      | Anon1729 the Merfolk Monk began the quest for the Orb.
     0 | D:1      | Reached XP level 1. HP: 18/18 MP: 1/1
   138 | D:1      | Reached XP level 2. HP: 4/24 MP: 2/2
   164 | D:1      | HP: 1/24 [bat (1)]
   164 | D:1      | Slain by a jackal

Illustrated notes

Levels and vault maps discovered:
D:1:      heliophobic_arrival_battle_scene, layout_basic, minmay_misc_feat_five,
          minmay_statues_item
D:2:      layout_rooms

Action                   || total
-------------------------++-------
Melee: Unarmed           ||    16
Throw: Javelin           ||     4
  Use: Scroll            ||     1
Armor: Robe              ||     2
Dodge: Dodged            ||    34

Table legend: (Time is in decaauts)
 A = Elapsed time spent in this place.
 B = Non-inter-level travel time spent in this place.
 C = Inter-level travel time spent in this place.
 D = Time resting spent in this place.
 E = Time spent auto-exploring this place.
 F = Levels seen in this place.
 G = Mean time per level.
                   A        B        C        D        E       F      G
               +--------+--------+--------+--------+--------+-----+--------+
         Total |    165 |    165 |      0 |      0 |     89 |   2 |   82.5 |
       Dungeon |    165 |    165 |      0 |      0 |     89 |   2 |   82.5 |
               +--------+--------+--------+--------+--------+-----+--------+

Top non-repeatable levels by time:
     D:1: 145 daAuts
     D:2: 19 daAuts
